Workbook

Sheet The Exceptional Private Cellar 
A1: NOTICE: This is not an auction catalogue. This lot listing is provided to you as a courtesy and in accordance with your agreement to the Conditions of Sale found on our website and at the back of the sale catalogue. This lot listing includes lots which are, as of date of this document, offered for sale at auction. Please see full lot descriptions, further details and notices and the Conditions of Sale for additional information before bidding. Christie’s offers these absentee bidding services as a convenience to our clients, but will not be responsible for errors or failures to execute bids. Please note that buyers are expected to remove their property within seven calendar days of the auction. Please refer to Shipping and Collection of Wine under Important Notices for collection information for purchased lots. To complete your bid registration, please email your completed lot listing to USWine@christies.com
A3: The Exceptional Private Cellar of a Silicon Valley Pioneer
A5: Sale Date: 05 Jun 2026 , Sale Location : New York
A7: 5 June 2026, 10:00am
A8: Lot Listing as of 11:30AM EST on May 14th, 2026 PIONEER_24554, Sale Location: New York, Christie's Inc. & Jean-Paul Weg, LLC, Auction License ID 0531-25-02952
A10: I / We understand that all lots purchased are subject to the Buyer’s Premium and any applicable taxes, and that Christie’s ONLY accepts payment from the account holder named on the invoice. Signature: ____________________________________________ Date: _________________
A11: Sale # | B11: Lot | C11: Qty | D11: Size | E11: Pacakaging | F11: Vintage | G11: Name | H11: Catalogue and Condition Notes | I11: Region | J11: Country | K11: Low Estimate | L11: High Estimate | M11: Max $ Limit Of Absentee Bid (excluding Buyer’s Premium) | N11: Validate | O11: View Lot Details | P11: formula
A12: 24554 | B12: 1 | C12: 12 | D12: Bottles (75cl) | E12: (owc) | F12: 1990 | G12: Château Lafite Rothschild | H12: Pauillac, 1er Cru Classé u.bnob | I12: Pauillac | J12: France | K12: 7500 | L12: 10000 | N12: =IF(M12="","",IF(P12=1,"On Increment","Off Increment")) | O12: View Lot Details | P12: =COUNTIF('Bid Steps'!A:A,M12) -> 0
A13: 24554 | B13: 2 | C13: 12 | D13: Bottles (75cl) | E13: (owc) | F13: 1989 | G13: Château Lafite Rothschild | H13: Pauillac, 1er Cru Classé u.bnob | I13: Pauillac | J13: France | K13: 5500 | L13: 7500 | N13: =IF(M13="","",IF(P13=1,"On Increment","Off Increment")) | O13: View Lot Details | P13: =COUNTIF('Bid Steps'!A:A,M13) -> 0
A14: 24554 | B14: 3 | C14: 12 | D14: Bottles (75cl) | E14: (owc) | F14: 1986 | G14: Château Lafite Rothschild | H14: Pauillac, 1er Cru Classé u.bnob, owc no lid | I14: Pauillac | J14: France | K14: 8000 | L14: 11000 | N14: =IF(M14="","",IF(P14=1,"On Increment","Off Increment")) | O14: View Lot Details | P14: =COUNTIF('Bid Steps'!A:A,M14) -> 0
A15: 24554 | B15: 4 | C15: 10 | D15: Bottles (75cl) | E15: (owc) | F15: 1982 | G15: Château Lafite Rothschild | H15: Pauillac, 1er Cru Classé u.1ts, 7us, 2um/s, 1 nicked capsule, owc no lid | I15: Pauillac | J15: France | K15: 11000 | L15: 16000 | N15: =IF(M15="","",IF(P15=1,"On Increment","Off Increment")) | O15: View Lot Details | P15: =COUNTIF('Bid Steps'!A:A,M15) -> 0
A16: 24554 | B16: 5 | C16: 6 | D16: Bottles (75cl) | E16: (owc) | F16: 1976 | G16: Château Lafite Rothschild | H16: Pauillac, 1er Cru Classé u.4ts, 1jbts, 1us, slighty bin-soiled labels, owc no lid | I16: Pauillac | J16: France | K16: 2400 | L16: 3200 | N16: =IF(M16="","",IF(P16=1,"On Increment","Off Increment")) | O16: View Lot Details | P16: =COUNTIF('Bid Steps'!A:A,M16) -> 0
A17: 24554 | B17: 6 | C17: 8 | D17: Bottles (75cl) | E17: (owc) | F17: 1975 | G17: Château Lafite Rothschild | H17: Pauillac, 1er Cru Classé u.5bn, 3vts, owc no lid | I17: Pauillac | J17: France | K17: 3200 | L17: 4200 | N17: =IF(M17="","",IF(P17=1,"On Increment","Off Increment")) | O17: View Lot Details | P17: =COUNTIF('Bid Steps'!A:A,M17) -> 0
A18: 24554 | B18: 7 | C18: 6 | D18: Bottles (75cl) | E18: (cn) | F18: 1970 | G18: Château Lafite Rothschild | H18: Pauillac, 1er Cru Classé u.ts, 3 damp affected labels | I18: Pauillac | J18: France | K18: 2200 | L18: 3000 | N18: =IF(M18="","",IF(P18=1,"On Increment","Off Increment")) | O18: View Lot Details | P18: =COUNTIF('Bid Steps'!A:A,M18) -> 0
A19: 24554 | B19: 8 | C19: 12 | D19: Bottles (75cl) | E19: (cn) | F19: 1970 | G19: Château Lafite Rothschild | H19: Pauillac, 1er Cru Classé u.6ts, 2jbts, 2us, 2ms, slightly bin-soiled labels, mixed importers | I19: Pauillac | J19: France | K19: 3500 | L19: 4500 | N19: =IF(M19="","",IF(P19=1,"On Increment","Off Increment")) | O19: View Lot Details | P19: =COUNTIF('Bid Steps'!A:A,M19) -> 0
A20: 24554 | B20: 9 | C20: 10 | D20: Bottles (75cl) | E20: (owc) | F20: 1966 | G20: Château Lafite Rothschild | H20: Pauillac, 1er Cru Classé u.7ts, 2us, 1um/s, slightly bin-soiled labels, slightly oxidized capsules, owc no lid | I20: Pauillac | J20: France | K20: 3500 | L20: 4500 | N20: =IF(M20="","",IF(P20=1,"On Increment","Off Increment")) | O20: View Lot Details | P20: =COUNTIF('Bid Steps'!A:A,M20) -> 0
A21: 24554 | B21: 10 | C21: 12 | D21: Bottles (75cl) | E21: (owc) | F21: 1990 | G21: Château Latour | H21: Pauillac, 1er Cru Classé u.9bnob, 2vts, 1ts | I21: Pauillac | J21: France | K21: 8000 | L21: 11000 | N21: =IF(M21="","",IF(P21=1,"On Increment","Off Increment")) | O21: View Lot Details | P21: =COUNTIF('Bid Steps'!A:A,M21) -> 0
A22: 24554 | B22: 11 | C22: 12 | D22: Bottles (75cl) | E22: (owc) | F22: 1989 | G22: Château Latour | H22: Pauillac, 1er Cru Classé u.bnob | I22: Pauillac | J22: France | K22: 4800 | L22: 6500 | N22: =IF(M22="","",IF(P22=1,"On Increment","Off Increment")) | O22: View Lot Details | P22: =COUNTIF('Bid Steps'!A:A,M22) -> 0
A23: 24554 | B23: 12 | C23: 12 | D23: Bottles (75cl) | E23: (owc) | F23: 1986 | G23: Château Latour | H23: Pauillac, 1er Cru Classé u.10bn, 2vts, owc no lid | I23: Pauillac | J23: France | K23: 4200 | L23: 5500 | N23: =IF(M23="","",IF(P23=1,"On Increment","Off Increment")) | O23: View Lot Details | P23: =COUNTIF('Bid Steps'!A:A,M23) -> 0
A24: 24554 | B24: 13 | C24: 2 | D24: Bottles (75cl) | E24: (cn) | F24: 1986 - 1970 | G24: Château Latour 'Vertical' | H24: Château Latour Pauillac, 1er Cru Classé 1986 (1 Bottle) u.bn 1970 (1 Bottle) u.us, slightly faded label | I24: Pauillac | J24: France | K24: 750 | L24: 1000 | N24: =IF(M24="","",IF(P24=1,"On Increment","Off Increment")) | O24: View Lot Details | P24: =COUNTIF('Bid Steps'!A:A,M24) -> 0
A25: 24554 | B25: 14 | C25: 9 | D25: Bottles (75cl) | E25: (owc) | F25: 1982 | G25: Château Latour | H25: Pauillac, 1er Cru Classé u.3bn,4vts, 2ts, slightly bin-soiled labels, 4 nicked capsules, owc no lid | I25: Pauillac | J25: France | K25: 12000 | L25: 17000 | N25: =IF(M25="","",IF(P25=1,"On Increment","Off Increment")) | O25: View Lot Details | P25: =COUNTIF('Bid Steps'!A:A,M25) -> 0
A26: 24554 | B26: 15 | C26: 11 | D26: Bottles (75cl) | E26: (owc) | F26: 1975 | G26: Château Latour | H26: Pauillac, 1er Cru Classé u.3ts, 6um/s, 2ms, stained labels, recessed capsules, owc no lid | I26: Pauillac | J26: France | K26: 3200 | L26: 4200 | N26: =IF(M26="","",IF(P26=1,"On Increment","Off Increment")) | O26: View Lot Details | P26: =COUNTIF('Bid Steps'!A:A,M26) -> 0
A27: 24554 | B27: 16 | C27: 5 | D27: Bottles (75cl) | E27: (cn) | F27: 1970 | G27: Château Latour | H27: Pauillac, 1er Cru Classé u.2um/s, 3ms, slightly corroded capsules | I27: Pauillac | J27: France | K27: 1900 | L27: 2800 | N27: =IF(M27="","",IF(P27=1,"On Increment","Off Increment")) | O27: View Lot Details | P27: =COUNTIF('Bid Steps'!A:A,M27) -> 0
A28: 24554 | B28: 17 | C28: 12 | D28: Bottles (75cl) | E28: (cn) | F28: 1970 | G28: Château Latour | H28: Pauillac, 1er Cru Classé u.2ts, 2jbts, 2us, 4um/s 2ms, slightly recessed capsules, 1 torn | I28: Pauillac | J28: France | K28: 4500 | L28: 6000 | N28: =IF(M28="","",IF(P28=1,"On Increment","Off Increment")) | O28: View Lot Details | P28: =COUNTIF('Bid Steps'!A:A,M28) -> 0
A29: 24554 | B29: 18 | C29: 10 | D29: Bottles (75cl) | E29: (owc) | F29: 1966 | G29: Château Latour | H29: Pauillac, 1er Cru Classé u.3ts, 2us, 2um/s, 3ms, slightly bin-soiled labels, slightly oxidized capsules, 1 corroded, owc no lid | I29: Pauillac | J29: France | K29: 3000 | L29: 4000 | N29: =IF(M29="","",IF(P29=1,"On Increment","Off Increment")) | O29: View Lot Details | P29: =COUNTIF('Bid Steps'!A:A,M29) -> 0
A30: 24554 | B30: 19 | C30: 10 | D30: Bottles (75cl) | E30: (owc) | F30: 1970 | G30: Les Forts de Latour | H30: Pauillac u.3ts, 7us, slightly bin-soiled and slightly stained labels, owc no lid | I30: Pauillac | J30: France | K30: 850 | L30: 1200 | N30: =IF(M30="","",IF(P30=1,"On Increment","Off Increment")) | O30: View Lot Details | P30: =COUNTIF('Bid Steps'!A:A,M30) -> 0
A31: 24554 | B31: 20 | C31: 12 | D31: Bottles (75cl) | E31: (owc) | F31: 1990 | G31: Château Margaux | H31: Margaux, 1er Cru Classé u.9bnob, 3vts | I31: Margaux | J31: France | K31: 9000 | L31: 13000 | N31: =IF(M31="","",IF(P31=1,"On Increment","Off Increment")) | O31: View Lot Details | P31: =COUNTIF('Bid Steps'!A:A,M31) -> 0
A32: 24554 | B32: 21 | C32: 12 | D32: Bottles (75cl) | E32: (owc) | F32: 1989 | G32: Château Margaux | H32: Margaux, 1er Cru Classé Levels into neck | I32: Margaux | J32: France | K32: 4800 | L32: 6500 | N32: =IF(M32="","",IF(P32=1,"On Increment","Off Increment")) | O32: View Lot Details | P32: =COUNTIF('Bid Steps'!A:A,M32) -> 0
A33: 24554 | B33: 22 | C33: 12 | D33: Bottles (75cl) | E33: (owc) | F33: 1986 | G33: Château Margaux | H33: Margaux, 1er Cru Classé u.bnob, owc no lid | I33: Margaux | J33: France | K33: 4800 | L33: 6500 | N33: =IF(M33="","",IF(P33=1,"On Increment","Off Increment")) | O33: View Lot Details | P33: =COUNTIF('Bid Steps'!A:A,M33) -> 0
A34: 24554 | B34: 23 | C34: 9 | D34: Bottles (75cl) | E34: (owc) | F34: 1982 | G34: Château Margaux | H34: Margaux, 1er Cru Classé u.8tsob, 1us, 1 raised capsule, owc no lid | I34: Margaux | J34: France | K34: 5500 | L34: 7500 | N34: =IF(M34="","",IF(P34=1,"On Increment","Off Increment")) | O34: View Lot Details | P34: =COUNTIF('Bid Steps'!A:A,M34) -> 0
A35: 24554 | B35: 24 | C35: 9 | D35: Bottles (75cl) | E35: (owc) | F35: 1975 | G35: Château Margaux | H35: Margaux, 1er Cru Classé u.4us, 3um/s, 2ms, stained labels, owc no lid | I35: Margaux | J35: France | K35: 2200 | L35: 3000 | N35: =IF(M35="","",IF(P35=1,"On Increment","Off Increment")) | O35: View Lot Details | P35: =COUNTIF('Bid Steps'!A:A,M35) -> 0
A36: 24554 | B36: 25 | C36: 10 | D36: Bottles (75cl) | E36: (cn) | F36: 1970 | G36: Château Margaux | H36: Margaux, 1er Cru Classé u.1ts, 4us, 3um/s, 2ms, slightly bin-soiled labels, 2 capsule styles, 1 cut capsule, 1 sos | I36: Margaux | J36: France | K36: 1500 | L36: 2000 | N36: =IF(M36="","",IF(P36=1,"On Increment","Off Increment")) | O36: View Lot Details | P36: =COUNTIF('Bid Steps'!A:A,M36) -> 0
... A73: 24554 | B73: 62 | C73: 10 | D73: Bottles (75cl) | E73: (owc) | F73: 1975 | G73: Château Lascombes | H73: Margaux, 2ème Cru Classé u.8tsob, 1um/s, 1ms, slightly bin-soiled and scuffed labels, owc no lid | I73: Margaux | J73: France | K73: 500 | L73: 700 | N73: =IF(M73="","",IF(P73=1,"On Increment","Off Increment")) | O73: View Lot Details | P73: =COUNTIF('Bid Steps'!A:A,M73) -> 0
A74: 24554 | B74: 63 | C74: 17 | D74: Bottles (75cl) | E74: (cn,owc) - (cn) | F74: 1970- 1966 | G74: Château Lascombes 'Vertical' | H74: Château Lascombes Margaux, 2ème Cru Classé 1970 (12 Bottles) u.5ts, 4um/s, 3ms, slightly bin-soiled and slightly stained labels, owc no lid 1966 (5 Bottles) u.1ts, 3um/s, 1ms, bin-soiled labels, scuffed | I74: Margaux | J74: France | K74: 650 | L74: 900 | N74: =IF(M74="","",IF(P74=1,"On Increment","Off Increment")) | O74: View Lot Details | P74: =COUNTIF('Bid Steps'!A:A,M74) -> 0
A75: 24554 | B75: 64 | C75: 12 | D75: Bottles (75cl) | E75: (owc) | F75: 1990 | G75: Château Léoville Las Cases | H75: Saint-Julien, 2ème Cru Classé u.11bn, 1ts | I75: Saint-Julien | J75: France | K75: 3200 | L75: 4200 | N75: =IF(M75="","",IF(P75=1,"On Increment","Off Increment")) | O75: View Lot Details | P75: =COUNTIF('Bid Steps'!A:A,M75) -> 0
A76: 24554 | B76: 65 | C76: 12 | D76: Bottles (75cl) | E76: (owc) | F76: 1989 | G76: Château Léoville Las Cases | H76: Saint-Julien, 2ème Cru Classé u.bnob | I76: Saint-Julien | J76: France | K76: 2000 | L76: 2800 | N76: =IF(M76="","",IF(P76=1,"On Increment","Off Increment")) | O76: View Lot Details | P76: =COUNTIF('Bid Steps'!A:A,M76) -> 0
A77: 24554 | B77: 66 | C77: 12 | D77: Bottles (75cl) | E77: (owc) | F77: 1986 | G77: Château Léoville Las Cases | H77: Saint-Julien, 2ème Cru Classé u.9tsob, 2us,1um/s | I77: Saint-Julien | J77: France | K77: 2800 | L77: 3800 | N77: =IF(M77="","",IF(P77=1,"On Increment","Off Increment")) | O77: View Lot Details | P77: =COUNTIF('Bid Steps'!A:A,M77) -> 0
A78: 24554 | B78: 67 | C78: 12 | D78: Bottles (75cl) | E78: (owc) | F78: 1982 | G78: Château Léoville Las Cases | H78: Saint-Julien, 2ème Cru Classé u.10bn, 2vts, 2 torn capsules, owc no lid | I78: Saint-Julien | J78: France | K78: 3800 | L78: 4800 | N78: =IF(M78="","",IF(P78=1,"On Increment","Off Increment")) | O78: View Lot Details | P78: =COUNTIF('Bid Steps'!A:A,M78) -> 0
A79: 24554 | B79: 68 | C79: 10 | D79: Bottles (75cl) | E79: (owc) | F79: 1976 | G79: Château Léoville Las Cases | H79: Saint-Julien, 2ème Cru Classé u.8tsob, 2us, 1 nicked label and 1 stained,owc no lid | I79: Saint-Julien | J79: France | K79: 1000 | L79: 1500 | N79: =IF(M79="","",IF(P79=1,"On Increment","Off Increment")) | O79: View Lot Details | P79: =COUNTIF('Bid Steps'!A:A,M79) -> 0
A80: 24554 | B80: 69 | C80: 8 | D80: Bottles (75cl) | E80: (cn) | F80: 1976- 1966 | G80: Château Léoville Las Cases 'Vertical' | H80: Château Léoville Las Cases Saint-Julien, 2ème Cru Classé 1976 (1 Bottle) u.jbts 1970 (2 Bottles) u.1ts, 1um/s 1966 (5 Bottles) u.1ts, 2us, 2um/s, 1 stained label | I80: Saint-Julien | J80: France | K80: 1200 | L80: 1800 | N80: =IF(M80="","",IF(P80=1,"On Increment","Off Increment")) | O80: View Lot Details | P80: =COUNTIF('Bid Steps'!A:A,M80) -> 0
A81: 24554 | B81: 70 | C81: 11 | D81: Bottles (75cl) | E81: (owc) | F81: 1975 | G81: Château Léoville Las Cases | H81: Saint-Julien, 2ème Cru Classé u.9ts, 2jbts, slightly bin-soiled labels, owc no lid | I81: Saint-Julien | J81: France | K81: 1100 | L81: 1600 | N81: =IF(M81="","",IF(P81=1,"On Increment","Off Increment")) | O81: View Lot Details | P81: =COUNTIF('Bid Steps'!A:A,M81) -> 0
A82: 24554 | B82: 71 | C82: 11 | D82: Bottles (75cl) | E82: (cn) | F82: 1970 | G82: Château Léoville Las Cases | H82: Saint-Julien, 2ème Cru Classé u.2us, 4um/s, 5ms | I82: Saint-Julien | J82: France | K82: 800 | L82: 1100 | N82: =IF(M82="","",IF(P82=1,"On Increment","Off Increment")) | O82: View Lot Details | P82: =COUNTIF('Bid Steps'!A:A,M82) -> 0
A83: 24554 | B83: 72 | C83: 12 | D83: Bottles (75cl) | E83: (owc) | F83: 1982 | G83: Château Léoville Poyferré | H83: Saint-Julien, 2ème Cru Classé u.10tsob, 2us, 1 stained label, owc no lid | I83: Saint-Julien | J83: France | K83: 2200 | L83: 3000 | N83: =IF(M83="","",IF(P83=1,"On Increment","Off Increment")) | O83: View Lot Details | P83: =COUNTIF('Bid Steps'!A:A,M83) -> 0
A84: 24554 | B84: 73 | C84: 11 | D84: Bottles (75cl) | E84: (cn) | F84: 1975 | G84: Château Léoville Poyferré | H84: Saint-Julien, 2ème Cru Classé u.7ts, 1us, 3um/s, slightly bin-soiled labels, 1 nicked capsule | I84: Saint-Julien | J84: France | K84: 1000 | L84: 1500 | N84: =IF(M84="","",IF(P84=1,"On Increment","Off Increment")) | O84: View Lot Details | P84: =COUNTIF('Bid Steps'!A:A,M84) -> 0
A85: 24554 | B85: 74 | C85: 9 | D85: Bottles (75cl) | E85: (owc) | F85: 1970 | G85: Château Léoville Poyferré | H85: Saint-Julien, 2ème Cru Classé u.2ts, 2us, 3um/s, 2ms, 1 stained label, owc no lid | I85: Saint-Julien | J85: France | K85: 600 | L85: 800 | N85: =IF(M85="","",IF(P85=1,"On Increment","Off Increment")) | O85: View Lot Details | P85: =COUNTIF('Bid Steps'!A:A,M85) -> 0
A86: 24554 | B86: 75 | C86: 12 | D86: Bottles (75cl) | E86: (owc) | F86: 1990 | G86: Château Montrose | H86: Saint-Estèphe, 2ème Cru Classé u.10bnob, 2vts | I86: Saint-Estèphe | J86: France | K86: 6000 | L86: 8000 | N86: =IF(M86="","",IF(P86=1,"On Increment","Off Increment")) | O86: View Lot Details | P86: =COUNTIF('Bid Steps'!A:A,M86) -> 0
A87: 24554 | B87: 76 | C87: 10 | D87: Bottles (75cl) | E87: (owc) | F87: 1982 | G87: Château Montrose | H87: Saint-Estèphe, 2ème Cru Classé u.8bn, 2ts, owc no lid | I87: Saint-Estèphe | J87: France | K87: 1700 | L87: 2400 | N87: =IF(M87="","",IF(P87=1,"On Increment","Off Increment")) | O87: View Lot Details | P87: =COUNTIF('Bid Steps'!A:A,M87) -> 0
A88: 24554 | B88: 77 | C88: 7 | D88: Bottles (75cl) | E88: (owc) | F88: 1975 | G88: Château Montrose | H88: Saint-Estèphe, 2ème Cru Classé u.3ts, 2us, 2ms, stained labels, owc no lid | I88: Saint-Estèphe | J88: France | K88: 550 | L88: 750 | N88: =IF(M88="","",IF(P88=1,"On Increment","Off Increment")) | O88: View Lot Details | P88: =COUNTIF('Bid Steps'!A:A,M88) -> 0
A89: 24554 | B89: 78 | C89: 8 | D89: Bottles (75cl) | E89: (cn) | F89: 1970 | G89: Château Montrose | H89: Saint-Estèphe, 2ème Cru Classé u.1ts, 7ms, 5 damp affected labels, 1 torn | I89: Saint-Estèphe | J89: France | K89: 550 | L89: 750 | N89: =IF(M89="","",IF(P89=1,"On Increment","Off Increment")) | O89: View Lot Details | P89: =COUNTIF('Bid Steps'!A:A,M89) -> 0
A90: 24554 | B90: 79 | C90: 10 | D90: Bottles (75cl) | E90: (cn) | F90: 1966 | G90: Château Montrose | H90: Saint-Estèphe, 2ème Cru Classé u.8ts, 2us, bin-soiled and slightly stained labels | I90: Saint-Estèphe | J90: France | K90: 1600 | L90: 2200 | N90: =IF(M90="","",IF(P90=1,"On Increment","Off Increment")) | O90: View Lot Details | P90: =COUNTIF('Bid Steps'!A:A,M90) -> 0
A91: 24554 | B91: 80 | C91: 12 | D91: Bottles (75cl) | E91: (owc) | F91: 1989 | G91: Château Pichon Baron | H91: Pauillac, 2ème Cru Classé Levels into neck, owc no lid | I91: Pauillac | J91: France | K91: 2800 | L91: 3800 | N91: =IF(M91="","",IF(P91=1,"On Increment","Off Increment")) | O91: View Lot Details | P91: =COUNTIF('Bid Steps'!A:A,M91) -> 0
A92: 24554 | B92: 81 | C92: 12 | D92: Bottles (75cl) | E92: (owc) | F92: 1986 | G92: Château Pichon Baron | H92: Pauillac, 2ème Cru Classé u.10tsob, 2us, 1 sos (old) owc no lid | I92: Pauillac | J92: France | K92: 1300 | L92: 1800 | N92: =IF(M92="","",IF(P92=1,"On Increment","Off Increment")) | O92: View Lot Details | P92: =COUNTIF('Bid Steps'!A:A,M92) -> 0
... A105: 24554 | B105: 94 | C105: 10 | D105: Bottles (75cl) | E105: (owc) | F105: 1982 | G105: Château Calon Ségur | H105: Saint-Estèphe, 3ème Cru Classé u.7ts, 3us slightly corroded capsules, owc no lid | I105: Saint-Estèphe | J105: France | K105: 1100 | L105: 1600 | N105: =IF(M105="","",IF(P105=1,"On Increment","Off Increment")) | O105: View Lot Details | P105: =COUNTIF('Bid Steps'!A:A,M105) -> 0
A106: 24554 | B106: 95 | C106: 4 | D106: Bottles (75cl) | E106: (cn) | F106: 1970 - 1966 | G106: Château Calon Ségur 'Vertical' - | H106: Château Calon Ségur Saint-Estèphe, 3ème Cru Classé 1970 (1 Bottle) u.bn 1966 (3 Bottles) u.um/s, slightly bin-soiled labels, 1 nicked | I106: Saint-Estèphe | J106: France | K106: 350 | L106: 500 | N106: =IF(M106="","",IF(P106=1,"On Increment","Off Increment")) | O106: View Lot Details | P106: =COUNTIF('Bid Steps'!A:A,M106) -> 0
A107: 24554 | B107: 96 | C107: 8 | D107: Bottles (75cl) | E107: (cn) | F107: 1970 | G107: Château Giscours | H107: Margaux, 3ème Cru Classé u.6us, 2um/s, 1 stained label, corroded capsules | I107: Margaux | J107: France | K107: 700 | L107: 900 | N107: =IF(M107="","",IF(P107=1,"On Increment","Off Increment")) | O107: View Lot Details | P107: =COUNTIF('Bid Steps'!A:A,M107) -> 0
A108: 24554 | B108: 97 | C108: 12 | D108: Bottles (75cl) | E108: (cn) | F108: 1970 | G108: Château Giscours | H108: Margaux, 3ème Cru Classé u.ts, 2 damp affected labels, 2 corroded capsules | I108: Margaux | J108: France | K108: 1100 | L108: 1600 | N108: =IF(M108="","",IF(P108=1,"On Increment","Off Increment")) | O108: View Lot Details | P108: =COUNTIF('Bid Steps'!A:A,M108) -> 0
A109: 24554 | B109: 98 | C109: 9 | D109: Bottles (75cl) | E109: (owc) | F109: 1966 | G109: Château Giscours | H109: Margaux, 3ème Cru Classé u.4ts, 2us, 3ms, oxidized capsules, owc no lid | I109: Margaux | J109: France | K109: 600 | L109: 800 | N109: =IF(M109="","",IF(P109=1,"On Increment","Off Increment")) | O109: View Lot Details | P109: =COUNTIF('Bid Steps'!A:A,M109) -> 0
A110: 24554 | B110: 99 | C110: 12 | D110: Bottles (75cl) | E110: (owc) | F110: 1982 | G110: Château La Lagune | H110: Médoc, 3ème Cru Classé u.9ts, 3us, slightly bin-soiled labels, owc no lid | I110: Haut-Médoc | J110: France | K110: 850 | L110: 1200 | N110: =IF(M110="","",IF(P110=1,"On Increment","Off Increment")) | O110: View Lot Details | P110: =COUNTIF('Bid Steps'!A:A,M110) -> 0
A111: 24554 | B111: 100 | C111: 9 | D111: Bottles (75cl) | E111: (cn) | F111: 1970 | G111: Château La Lagune | H111: Haut-Médoc, 3ème Cru Classé u.4ts, 3us, 2um/s, slightly bin-soiled labels | I111: Haut-Médoc | J111: France | K111: 450 | L111: 600 | N111: =IF(M111="","",IF(P111=1,"On Increment","Off Increment")) | O111: View Lot Details | P111: =COUNTIF('Bid Steps'!A:A,M111) -> 0
A112: 24554 | B112: 101 | C112: 9 | D112: Bottles (75cl) | E112: (cn,owc) - (owc) | F112: 1966 - 1964 | G112: Château La Lagune 'Vertical' | H112: Château La Lagune Haut-Médoc, 3ème Cru Classé 1966 (6 Bottles) u.4ts, 2us, corroded capsules, owc no lid 1964 (3 Bottles) u.ts | I112: Haut-Médoc | J112: France | K112: 550 | L112: 750 | N112: =IF(M112="","",IF(P112=1,"On Increment","Off Increment")) | O112: View Lot Details | P112: =COUNTIF('Bid Steps'!A:A,M112) -> 0
A113: 24554 | B113: 102 | C113: 12 | D113: Bottles (75cl) | E113: (owc) | F113: 1986 | G113: Château Palmer | H113: Margaux, 3ème Cru Classé u.10ts, 2us | I113: Margaux | J113: France | K113: 2200 | L113: 3000 | N113: =IF(M113="","",IF(P113=1,"On Increment","Off Increment")) | O113: View Lot Details | P113: =COUNTIF('Bid Steps'!A:A,M113) -> 0
A114: 24554 | B114: 103 | C114: 10 | D114: Bottles (75cl) | E114: (owc) | F114: 1982 | G114: Château Palmer | H114: Margaux, 3ème Cru Classé u.2ts, 4us, 4um/s, owc no lid | I114: Margaux | J114: France | K114: 2800 | L114: 3800 | N114: =IF(M114="","",IF(P114=1,"On Increment","Off Increment")) | O114: View Lot Details | P114: =COUNTIF('Bid Steps'!A:A,M114) -> 0
A115: 24554 | B115: 104 | C115: 10 | D115: Bottles (75cl) | E115: (cn) - (owc) | F115: 1971 - 1970 | G115: Château Palmer 'Vertical' | H115: Château Palmer Margaux, 3ème Cru Classé 1971 (6 Bottles) u1ts, 4jbts, 1um/s, slightly bin-soiled labels, corroded capsules 1970 (4 Bottles) u.2ts, 1um/s, 1ms, recessed capsules | I115: Margaux | J115: France | K115: 1800 | L115: 2600 | N115: =IF(M115="","",IF(P115=1,"On Increment","Off Increment")) | O115: View Lot Details | P115: =COUNTIF('Bid Steps'!A:A,M115) -> 0
A116: 24554 | B116: 105 | C116: 6 | D116: Bottles (75cl) | E116: (cn) | F116: 1966 | G116: Château Palmer | H116: Margaux, 3ème Cru Classé u.ms, slightly bin-soiled labels, corroded and oxidized capsules | I116: Margaux | J116: France | K116: 1200 | L116: 1700 | N116: =IF(M116="","",IF(P116=1,"On Increment","Off Increment")) | O116: View Lot Details | P116: =COUNTIF('Bid Steps'!A:A,M116) -> 0
A117: 24554 | B117: 106 | C117: 8 | D117: Bottles (75cl) | E117: (owc) | F117: 1982 | G117: Château Beychevelle | H117: Saint-Julien, 4ème Cru Classé u.3ts, 2jbts, 3us, nicked capsules | I117: Saint-Julien | J117: France | K117: 1000 | L117: 1500 | N117: =IF(M117="","",IF(P117=1,"On Increment","Off Increment")) | O117: View Lot Details | P117: =COUNTIF('Bid Steps'!A:A,M117) -> 0
A118: 24554 | B118: 107 | C118: 11 | D118: Bottles (75cl) | E118: (owc) | F118: 1975 | G118: Château Beychevelle | H118: Saint-Julien, 4ème Cru Classé u.7ts, 3us, 1 um/s, stained labels, owc no lid | I118: Saint-Julien | J118: France | K118: 550 | L118: 750 | N118: =IF(M118="","",IF(P118=1,"On Increment","Off Increment")) | O118: View Lot Details | P118: =COUNTIF('Bid Steps'!A:A,M118) -> 0
A119: 24554 | B119: 108 | C119: 9 | D119: Bottles (75cl) | E119: (cn) | F119: 1970 | G119: Château Beychevelle | H119: Saint-Julien, 4ème Cru Classé u.1ts, 1us, 7ms, bin-soiled labels, corroded and recessed capsules | I119: Saint-Julien | J119: France | K119: 350 | L119: 450 | N119: =IF(M119="","",IF(P119=1,"On Increment","Off Increment")) | O119: View Lot Details | P119: =COUNTIF('Bid Steps'!A:A,M119) -> 0
A120: 24554 | B120: 109 | C120: 8 | D120: Bottles (75cl) | E120: (owc) | F120: 1966 | G120: Château Beychevelle | H120: Saint-Julien, 4ème Cru Classé u.2ts, 3us, 3 um/s, owc no lid | I120: Saint-Julien | J120: France | K120: 950 | L120: 1400 | N120: =IF(M120="","",IF(P120=1,"On Increment","Off Increment")) | O120: View Lot Details | P120: =COUNTIF('Bid Steps'!A:A,M120) -> 0
A121: 24554 | B121: 110 | C121: 11 | D121: Bottles (75cl) | E121: (owc) | F121: 1982 | G121: Château Duhart-Milon | H121: Pauillac, 4ème Cru Classé u.7ts, 2us, 1um/s, 1ms, slightly bin-soiled labels, owc no lid | I121: Pauillac | J121: France | K121: 1200 | L121: 1700 | N121: =IF(M121="","",IF(P121=1,"On Increment","Off Increment")) | O121: View Lot Details | P121: =COUNTIF('Bid Steps'!A:A,M121) -> 0
A122: 24554 | B122: 111 | C122: 11 | D122: Bottles (75cl) | E122: (cn,owc) - (cn) | F122: 1970 - 1966 | G122: Château Duhart-Milon 'Vertical' | H122: Château Duhart-Milon Pauillac, 4ème Cru Classé 1970 (6 Bottles) u.1us, 4um/s, 1ms 1966 (5 Bottles) u.3um/s, 2ms oxidized capsules, sos, owc no lid | I122: Pauillac | J122: France | K122: 550 | L122: 750 | N122: =IF(M122="","",IF(P122=1,"On Increment","Off Increment")) | O122: View Lot Details | P122: =COUNTIF('Bid Steps'!A:A,M122) -> 0
A123: 24554 | B123: 112 | C123: 8 | D123: Bottles (75cl) | E123: (owc) | F123: 1982 | G123: Château Grand-Puy-Lacoste | H123: Pauillac, 5ème Cru Classé u.2ts, 2jbts, 3us, 1um/s, owc no lid | I123: Pauillac | J123: France | K123: 1100 | L123: 1600 | N123: =IF(M123="","",IF(P123=1,"On Increment","Off Increment")) | O123: View Lot Details | P123: =COUNTIF('Bid Steps'!A:A,M123) -> 0
A124: 24554 | B124: 113 | C124: 6 | D124: Bottles (75cl) | E124: (cn) | F124: 1970 | G124: Château Grand-Puy-Lacoste | H124: Pauillac, 5ème Cru Classé u.3um/s, 3ms, slightly bin-soiled labels | I124: Pauillac | J124: France | K124: 300 | L124: 400 | N124: =IF(M124="","",IF(P124=1,"On Increment","Off Increment")) | O124: View Lot Details | P124: =COUNTIF('Bid Steps'!A:A,M124) -> 0
A125: 24554 | B125: 114 | C125: 12 | D125: Bottles (75cl) | E125: (owc) | F125: 1989 | G125: Château Lynch-Bages | H125: Pauillac, 5ème Cru Classé u.bnob, 3 nicked labels | I125: Pauillac | J125: France | K125: 3500 | L125: 4500 | N125: =IF(M125="","",IF(P125=1,"On Increment","Off Increment")) | O125: View Lot Details | P125: =COUNTIF('Bid Steps'!A:A,M125) -> 0
A126: 24554 | B126: 115 | C126: 8 | D126: Bottles (75cl) | E126: (owc) | F126: 1986 | G126: Château Lynch-Bages | H126: Pauillac, 5ème Cru Classé u.2ts, 4us, 1um/s, 1ms, owc no lid | I126: Pauillac | J126: France | K126: 800 | L126: 1100 | N126: =IF(M126="","",IF(P126=1,"On Increment","Off Increment")) | O126: View Lot Details | P126: =COUNTIF('Bid Steps'!A:A,M126) -> 0
A127: 24554 | B127: 116 | C127: 12 | D127: Bottles (75cl) | E127: (owc) | F127: 1986 | G127: Château Lynch-Bages | H127: Pauillac, 5ème Cru Classé u.10ts, 1us, 1um/s. owc no lid | I127: Pauillac | J127: France | K127: 1600 | L127: 2200 | N127: =IF(M127="","",IF(P127=1,"On Increment","Off Increment")) | O127: View Lot Details | P127: =COUNTIF('Bid Steps'!A:A,M127) -> 0
A128: 24554 | B128: 117 | C128: 4 | D128: Bottles (75cl) | E128: (cn) | F128: 1982 | G128: Château Lynch-Bages | H128: Pauillac, 5ème Cru Classé u.2ts, 2us | I128: Pauillac | J128: France | K128: 950 | L128: 1400 | N128: =IF(M128="","",IF(P128=1,"On Increment","Off Increment")) | O128: View Lot Details | P128: =COUNTIF('Bid Steps'!A:A,M128) -> 0
A129: 24554 | B129: 118 | C129: 10 | D129: Bottles (75cl) | E129: (owc) | F129: 1975 | G129: Château Lynch-Bages | H129: Pauillac, 5ème Cru Classé u.3ts, 3us, 4 um/s, bin-soiled labels, 1 nicked | I129: Pauillac | J129: France | K129: 800 | L129: 1100 | N129: =IF(M129="","",IF(P129=1,"On Increment","Off Increment")) | O129: View Lot Details | P129: =COUNTIF('Bid Steps'!A:A,M129) -> 0
A130: 24554 | B130: 119 | C130: 9 | D130: Bottles (75cl) | E130: (cn) | F130: 1970 | G130: Château Lynch-Bages | H130: Pauillac, 5ème Cru Classé u.1ts, 3jbts, 3us, 2ms, slightly bin-soiled labels | I130: Pauillac | J130: France | K130: 650 | L130: 850 | N130: =IF(M130="","",IF(P130=1,"On Increment","Off Increment")) | O130: View Lot Details | P130: =COUNTIF('Bid Steps'!A:A,M130) -> 0
A131: 24554 | B131: 120 | C131: 6 | D131: Bottles (75cl) | E131: (cn) | F131: 1966 | G131: Château Lynch-Bages | H131: Pauillac, 5ème Cru Classé u.4ts, 1us, 1ms, slightly bin-soiled labels | I131: Pauillac | J131: France | K131: 600 | L131: 800 | N131: =IF(M131="","",IF(P131=1,"On Increment","Off Increment")) | O131: View Lot Details | P131: =COUNTIF('Bid Steps'!A:A,M131) -> 0
A132: 24554 | B132: 121 | C132: 12 | D132: Bottles (75cl) | E132: (owc) | F132: 1982 | G132: Domaine de Chevalier | H132: Pessac-Léognan, Cru Classé u.10ts, 1us, 1um/s, owc no lid | I132: Pessac-Léognan | J132: France | K132: 900 | L132: 1300 | N132: =IF(M132="","",IF(P132=1,"On Increment","Off Increment")) | O132: View Lot Details | P132: =COUNTIF('Bid Steps'!A:A,M132) -> 0
A133: 24554 | B133: 122 | C133: 11 | D133: Bottles (75cl) | E133: (owc) | F133: 1970 | G133: Domaine de Chevalier | H133: Pessac-Léognan, Cru Classé u.10ts, 1us, owc no lid | I133: Pessac-Léognan | J133: France | K133: 500 | L133: 700 | N133: =IF(M133="","",IF(P133=1,"On Increment","Off Increment")) | O133: View Lot Details | P133: =COUNTIF('Bid Steps'!A:A,M133) -> 0
A134: 24554 | B134: 123 | C134: 5 | D134: Bottles (75cl) | E134: (cn) | F134: 1966 | G134: Domaine de Chevalier | H134: Pessac-Léognan, Cru Classé u.3ts, 1us, 1um/s, slightly bin-soiled labels | I134: Pessac-Léognan | J134: France | K134: 450 | L134: 600 | N134: =IF(M134="","",IF(P134=1,"On Increment","Off Increment")) | O134: View Lot Details | P134: =COUNTIF('Bid Steps'!A:A,M134) -> 0
... A184: 24554 | B184: 173 | C184: 8 | D184: Bottles (75cl) | E184: (owc) | F184: 1970 | G184: Château Trotanoy | H184: Pomerol u.6ts, 2us, slightly bin-soiled labels, 1 corroded capsule sos old, owc no lid | I184: Pomerol | J184: France | K184: 2600 | L184: 3500 | N184: =IF(M184="","",IF(P184=1,"On Increment","Off Increment")) | O184: View Lot Details | P184: =COUNTIF('Bid Steps'!A:A,M184) -> 0
A185: 24554 | B185: 174 | C185: 6 | D185: Bottles (75cl) | E185: (cn) | F185: 1966 - 1964 | G185: Château Trotanoy 'Vertical' | H185: Château Trotanoy Pomerol 1966 (5 Bottles) u.2ts, 2us, 1um/s, slightly damp stained labels 1964 (1 Bottle) u.ms, corroded capsule | I185: Pomerol | J185: France | K185: 1400 | L185: 2000 | N185: =IF(M185="","",IF(P185=1,"On Increment","Off Increment")) | O185: View Lot Details | P185: =COUNTIF('Bid Steps'!A:A,M185) -> 0
A186: 24554 | B186: 175 | C186: 12 | D186: Bottles (75cl) | E186: (owc) | F186: 1986 | G186: Vieux Château Certan | H186: Pomerol u.ts | I186: Pomerol | J186: France | K186: 1500 | L186: 2000 | N186: =IF(M186="","",IF(P186=1,"On Increment","Off Increment")) | O186: View Lot Details | P186: =COUNTIF('Bid Steps'!A:A,M186) -> 0
A187: 24554 | B187: 176 | C187: 10 | D187: Bottles (75cl) | E187: (owc) | F187: 1982 | G187: Vieux Château Certan | H187: Pomerol u.8bn, 2vts, owc no lid | I187: Pomerol | J187: France | K187: 2200 | L187: 3000 | N187: =IF(M187="","",IF(P187=1,"On Increment","Off Increment")) | O187: View Lot Details | P187: =COUNTIF('Bid Steps'!A:A,M187) -> 0
A188: 24554 | B188: 177 | C188: 9 | D188: Bottles (75cl) | E188: (owc) | F188: 1970 | G188: Vieux Château Certan | H188: Pomerol u.1ts, 4us, 2 um/s, 2ms, 1 sos, owc no lid | I188: Pomerol | J188: France | K188: 1100 | L188: 1600 | N188: =IF(M188="","",IF(P188=1,"On Increment","Off Increment")) | O188: View Lot Details | P188: =COUNTIF('Bid Steps'!A:A,M188) -> 0
A189: 24554 | B189: 178 | C189: 9 | D189: Bottles (75cl) | E189: (cn) | F189: 1966 | G189: Vieux Château Certan | H189: Pomerol u.2ts, 3us, 2um/s, 2ms | I189: Pomerol | J189: France | K189: 1600 | L189: 2200 | N189: =IF(M189="","",IF(P189=1,"On Increment","Off Increment")) | O189: View Lot Details | P189: =COUNTIF('Bid Steps'!A:A,M189) -> 0
A190: 24554 | B190: 179 | C190: 3 | D190: Bottles (75cl) | E190: (cn) | F190: 1986 | G190: Mixed Bordeaux 1er Cru Classé | H190: Château Lafite Rothschild 1986 (1 Bottle) u.bn Château Margaux 1986 (1 Bottle) u.bn Château Mouton Rothschild 1986 (1 Bottle) u.ts, very slightly stained label | I190: Pauillac | J190: France | K190: 1700 | L190: 2400 | N190: =IF(M190="","",IF(P190=1,"On Increment","Off Increment")) | O190: View Lot Details | P190: =COUNTIF('Bid Steps'!A:A,M190) -> 0
A191: 24554 | B191: 180 | C191: 2 | D191: Bottles (75cl) | E191: (cn) | F191: 1986 | G191: Mixed Bordeaux | H191: Château Palmer 1986 (1 Bottle) u.vts Château Cos d'Estournel 1986 (1 Bottle) u.vts | I191: Margaux | J191: France | K191: 350 | L191: 500 | N191: =IF(M191="","",IF(P191=1,"On Increment","Off Increment")) | O191: View Lot Details | P191: =COUNTIF('Bid Steps'!A:A,M191) -> 0
A192: 24554 | B192: 181 | C192: 7 | D192: Bottles (75cl) | E192: (cn) | F192: 1986 - 1966 | G192: Mixed Bordeaux | H192: Château Ducru-Beaucaillou 1986 (1 Bottle) u.bn Château Pichon Baron 1986 (1 Bottle) u.vts Château Gloria 1970 (1 Bottle) u.ts Château Rol Valentin 1970 (1 Bottle) u.um/s Château Nenin 1966 (2 Bottles) u.1us, 1um/s, slightly bin-soiled labels Château Figeac 1966 (1 Bottle) u. vts | I192: Pomerol | J192: France | K192: 650 | L192: 1000 | N192: =IF(M192="","",IF(P192=1,"On Increment","Off Increment")) | O192: View Lot Details | P192: =COUNTIF('Bid Steps'!A:A,M192) -> 0
A193: 24554 | B193: 182 | C193: 17 | D193: Bottles (75cl) | E193: (cn,owc) - (cn) | F193: 1975 - 1970 | G193: Château Nenin 'Vertical' | H193: Château Nenin Pomerol 1975 (12 Bottles) u.9ts, 1us, 2 um/s, slightly bin-soiled labels, owc no lid 1970 (5 Bottles) u.ms, slightly bin-soiled labels | I193: Pomerol | J193: France | K193: 650 | L193: 900 | N193: =IF(M193="","",IF(P193=1,"On Increment","Off Increment")) | O193: View Lot Details | P193: =COUNTIF('Bid Steps'!A:A,M193) -> 0
A194: 24554 | B194: 183 | C194: 11 | D194: Bottles (75cl) | E194: (cn) | F194: 1970 | G194: Mixed Bordeaux | H194: Château Ormes de Pez 1970 (4 Bottles) u.1us, 1um/s, 2ms, slightly bin-soiled labels Château Branaire-Ducru 1970 (3 Bottles) u.1ts, 1us, 1ms, slightly bin-soiled labels Château La Pointe 1970 (4 Bottles) u.2ts, 1um/s, 1ms, 1 nicked label, 1sos-old | I194: Mixed | J194: France | K194: 300 | L194: 450 | N194: =IF(M194="","",IF(P194=1,"On Increment","Off Increment")) | O194: View Lot Details | P194: =COUNTIF('Bid Steps'!A:A,M194) -> 0
A195: 24554 | B195: 184 | C195: 14 | D195: Bottles (75cl) | E195: (cn,owc) - (cn) | F195: 1970 | G195: Mixed Bordeaux | H195: Château Beauregard 1970 (5 Bottles) u. 1ts, 4ms Château Bel Air-Marquis d'Aligre 1970 (9 Bottles) u.2ts, 3us, 2um/s, 2ms, slightly bin-soiled labels, recessed capsules, owc no lid | I195: Médoc | J195: France | K195: 400 | L195: 550 | N195: =IF(M195="","",IF(P195=1,"On Increment","Off Increment")) | O195: View Lot Details | P195: =COUNTIF('Bid Steps'!A:A,M195) -> 0
A196: 24554 | B196: 185 | C196: 9 | D196: Bottles (75cl) | E196: (cn) | F196: 1970 | G196: Mixed Bordeaux | H196: Château Pavie 1970 (3 Bottles) u.1bn,1ts, 1 um/s, stained labels Château Clinet 1970 (6 Bottles) u.1ts, 1us, 2um/s, 2ms, nicked and creased capsules | I196: Saint-Émilion Grand Cru | J196: France | K196: 750 | L196: 1000 | N196: =IF(M196="","",IF(P196=1,"On Increment","Off Increment")) | O196: View Lot Details | P196: =COUNTIF('Bid Steps'!A:A,M196) -> 0
A197: 24554 | B197: 186 | C197: 6 | D197: Bottles (75cl) | E197: (cn) | F197: 1970 - 1964 | G197: Mixed Bordeaux | H197: Château Ducru-Beaucaillou 1970 (1 Bottle) u.ts Château Cos d'Estournel 1966 (2 Bottles) u.1um/s, 1ms, slightly bin-soiled labels Château Cantemerle 1964 (3 Bottles) u.1um/s, 2ms bin-soiled labels, nicked capsules | I197: Haut-Médoc | J197: France | K197: 700 | L197: 950 | N197: =IF(M197="","",IF(P197=1,"On Increment","Off Increment")) | O197: View Lot Details | P197: =COUNTIF('Bid Steps'!A:A,M197) -> 0
A198: 24554 | B198: 187 | C198: 15 | D198: Bottles (75cl) | E198: (cn) | F198: 1970 - 1966 | G198: Mixed Bordeaux | H198: Château La Conseillante 1970 (3 Bottles) u.ms Château La Conseillante 1966 (2 Bottles) u.ms, slightly bin-soiled labels, recessed capsules Château Léoville Poyferré 1966 (2 Bottles) u.1um/s, 1ms Château La Gaffelière 1966 (7 Bottles) u.2ts, 3us, 2um/s Château La Tour Haut Brion 1966 (1 Bottle) u.ts | I198: Pomerol | J198: France | K198: 1300 | L198: 1800 | N198: =IF(M198="","",IF(P198=1,"On Increment","Off Increment")) | O198: View Lot Details | P198: =COUNTIF('Bid Steps'!A:A,M198) -> 0
A199: 24554 | B199: 188 | C199: 12 | D199: Bottles (75cl) | E199: (owc) | F199: 1992 | G199: Domaine de Chevalier, Blanc | H199: Pessac-Léognan, Cru Classé u.bnob | I199: Pessac-Léognan | J199: France | K199: 550 | L199: 750 | N199: =IF(M199="","",IF(P199=1,"On Increment","Off Increment")) | O199: View Lot Details | P199: =COUNTIF('Bid Steps'!A:A,M199) -> 0
A200: 24554 | B200: 189 | C200: 12 | D200: Bottles (75cl) | E200: (owc) | F200: 1992 | G200: Château Laville Haut Brion | H200: Pessac-Léognan, Cru Classé Levels into neck, owc damaged lid | I200: Pessac-Léognan | J200: France | K200: 1700 | L200: 2400 | N200: =IF(M200="","",IF(P200=1,"On Increment","Off Increment")) | O200: View Lot Details | P200: =COUNTIF('Bid Steps'!A:A,M200) -> 0
A201: 24554 | B201: 190 | C201: 3 | D201: Bottles (75cl) | E201: (cn) | F201: 1976 | G201: Mixed Bordeaux | H201: Domaine de Chevalier, Blanc 1992 (1 Bottle) u.bn Château Laville Haut-Brion 1987 (1 Bottle) u.bn Château Laville Haut-Brion 1976 (1 Bottle) u.um/s, slightly bin-soiled label | I201: Graves | J201: France | K201: 300 | L201: 450 | N201: =IF(M201="","",IF(P201=1,"On Increment","Off Increment")) | O201: View Lot Details | P201: =COUNTIF('Bid Steps'!A:A,M201) -> 0
...

Sheet Bid Steps
A1: Bid Steps
A2: 50
A3: 100
A4: 150
A5: 200
A6: 250
A7: 300
A8: 350
A9: 400
A10: 450
A11: 500
A12: 550
A13: 600
... A120: 1000000
